 Dungeon Crawl Stone Soup version 0.22.1-2-g9c5b331 (webtiles) character file.

1253 MalarOregon the Ducker (level 8, -10/59 HPs)
             Began as a Merfolk Ice Elementalist on Nov 16, 2018.
             Mangled by an orc warrior
             ... wielding a +0 scimitar
              (13 damage)
             ... on level 5 of the Dungeon.
             The game lasted 00:19:40 (6104 turns).

MalarOregon the Ducker (Merfolk Ice Elementalist)   Turns: 6104, Time: 00:19:41

Health: -10/59     AC:  6    Str:  9    XL:     8   Next: 51%
Magic:  11/14      EV: 14    Int: 19    God:
Gold:   410        SH:  0    Dex: 14    Spells: 1/15 levels left

rFire    . . .     SeeInvis .   x - +1 trident
rCold    . . .     Gourm    .   (no shield)
rNeg     . . .     Faith    .   r - +2 leather armour of Beogh's Scorn {Regen+ Int+3 Stlth+}
rPois    +         Spirit   .   (no helmet)
rElec    .         Reflect  .   v - +0 cloak {rPois}
rCorr    .         Harm     .   (no gloves)
MR       .....                  (no boots)
Stlth    ++++......             w - amulet of the acrobat
HPRegen  0.59/turn              (no ring)
MPRegen  0.14/turn              (no ring)

@: no status effects
A: change form in water, swift swim, stealthy swim
a: no special abilities


You were on level 5 of the Dungeon.
You were not hungry.

You visited 1 branch of the dungeon, and saw 6 of its levels.

You collected 410 gold pieces.

Inventory:

Hand Weapons
 x - a +1 trident (weapon)
   (You took it off an orc on level 4 of the Dungeon)
Armour
 r - the +2 leather armour of Beogh's Scorn (worn) {Regen+ Int+3 Stlth+}
   (You found it on level 6 of the Dungeon)

   It affects your intelligence (+3).
   It increases your rate of regeneration.
   It makes you more stealthy.
 v - a +0 cloak of poison resistance (worn)
   (You took it off Crazy Yiuf on level 3 of the Dungeon)
Magical Staves
 p - an uncursed staff of cold
   (You found it on level 3 of the Dungeon)
Jewellery
 w - an amulet of the acrobat (around neck)
   (You found it on level 4 of the Dungeon)
Scrolls
 b - 3 scrolls of remove curse {@r2}
 c - a scroll of fear {unknown}
 d - 2 scrolls of amnesia
 f - 5 scrolls of magic mapping
 h - a scroll of identify {@r1}
 j - a scroll of enchant weapon
 k - a scroll of fog
 n - 5 scrolls of teleportation {@r4}
 q - a scroll of enchant armour {unknown}
 s - 2 scrolls of blinking {unknown}
 u - a scroll of holy word {unknown}
 y - a scroll of immolation {!r}
Potions
 g - 2 potions of might
 i - a potion of curing {@q1}
 l - 3 potions of agility {unknown}
 m - a potion of flight
 o - 2 potions of lignification {unknown}
 t - a potion of haste {unknown}
Comestibles
 a - 2 chunks of flesh
 e - 13 rations {!d}


   Skills:
 + Level 3.6 Fighting
 * Level 4.9(5.0) Polearms
 - Level 0.6(1.8) Staves
 + Level 5.4 Dodging
 + Level 4.7 Stealth
 + Level 4.4 Spellcasting
 + Level 1.7 Conjurations
 + Level 5.1 Ice Magic
 + Level 2.5 Evocations


You had one spell level left.
You knew the following spells:

 Your Spells              Type           Power        Failure   Level  Hunger
a - Freeze                Ice            ###.         2%          1    None
b - Ozocubu's Armour      Chrm/Ice       ##......     21%         3    ###....
c - Throw Icicle          Conj/Ice       ###.....     41%         4    ####...
d - Summon Ice Beast      Ice/Summ       ##......     54%         4    ####...
x - Throw Frost           Conj/Ice       ###...       7%          2    #......

Your spell library contained the following spells:

 Spells                   Type           Power        Failure   Level  Hunger
 Magic Dart               Conj           ##..         9%          1    None
 Confusing Touch          Hex            #.....       19%         1    None
 Blink                    Tloc           N/A          28%         2    #......
 Call Imp                 Summ           #.......     28%         2    #......
 Slow                     Hex            #.......     28%         2    #......
 Conjure Flame            Conj/Fire      #.......     36%         3    ###....
 Mephitic Cloud           Conj/Pois/Air  #.......     41%         3    ###....
 Confuse                  Hex            #.......     50%         3    ###....
 Gell's Gravitas          Tloc           #.........   50%         3    ###....
 Petrify                  Tmut/Erth      #.......     88%         4    ####...
 Metabolic Englaciation   Hex/Ice        ##........   88%         5    ######.
 Yara's Violent Unravell  Hex/Tmut       #.........   99%         5    ######.


Dungeon Overview and Level Annotations

Branches:
Dungeon (6/15)
 Temple: D:4-7

Altars:
Okawaru

Shops:
D:4 (   D:6 *


Message History

You freeze the leopard gecko.
You kill the leopard gecko!
Aim: an orc, wielding a short sword You freeze the orc.
You kill the orc!
The orc warrior hits you with a scimitar!!
The orc wizard gestures wildly while chanting.
The orc wizard blinks!
Aim: an orc warrior, wielding a scimitar and wearing a plate armour You freeze the orc warrior.
The orc warrior hits you but does no damage.
Aim: an orc warrior, wielding a scimitar and wearing a plate armour (moderately You freeze the orc warrior.
The orc warrior completely misses you.
Aim: an orc warrior, wielding a scimitar and wearing a plate armour (moderately You freeze the orc warrior.
The orc warrior closely misses you.
Aim: an orc warrior, wielding a scimitar and wearing a plate armour (moderately You freeze the orc warrior.
The orc wizard casts a spell.
The orc wizard seems to speed up.
The orc warrior hits you with a scimitar!!
* * * LOW HITPOINT WARNING * * *
Aim: an orc warrior, wielding a scimitar and wearing a plate armour (heavily You freeze the orc warrior.
The orc wizard gestures at you while chanting.
The magic dart hits you!
* * * LOW HITPOINT WARNING * * *
The orc wizard gestures at you while chanting.
The magic dart hits you!
Unknown command.
The orc wizard mumbles some strange words.
The orc wizard blinks!
There is an open door here.
There is an open door here.
The orc warrior completely misses you.
There is a stone staircase leading up here.
The orc warrior hits you with a scimitar.
You climb upwards.
There is a stone staircase leading down here.
Aim: an orc warrior, wielding a scimitar and wearing a plate armour (heavily You freeze the orc warrior.
The orc warrior hits you with a scimitar!
* * * LOW HITPOINT WARNING * * *
Aim: an orc warrior, wielding a scimitar and wearing a plate armour (severely You freeze the orc warrior.
The orc warrior hits you with a scimitar!
* * * LOW HITPOINT WARNING * * *
Aim: an orc warrior, wielding a scimitar and wearing a plate armour (almost You freeze the orc warrior.
The orc warrior hits you with a scimitar!
You die...

### ..# ..# ####### ..# ###
#.....### ..# ##.########........
..# #########...............###
..#####........o@.....###.....##
..<..##.#######........#.......##
####.##.# ##.##...##......... .#
#.##.# #####.###.......## .#
#.##.# #.# ###....>.. .###.##.#
#.# #....... .....##.#### ##'##
####.#.. .######[##.## ##...##
#.#.# .##.......#.## ##.....##
#.#.#


You could see an orc warrior.

Vanquished Creatures
  2 water moccasins (D:6)
  An orc warrior (D:6)
  A centaur (D:6)
  A bullfrog (D:6)
  A scorpion (D:4)
  A water moccasin skeleton (D:4)
  2 crimson imps (D:5)
  A hound (D:6)
  A centaur skeleton (D:4)
  2 bullfrog skeletons
  3 orc priests
  3 orc wizards
  Crazy Yiuf (D:3)
  2 iguanas (D:5)
  5 worker ants
  4 adders
  A shadow imp (D:5)
  An ooze (D:1)
  An adder skeleton (D:6)
  A worm (D:2)
  A dart slug (D:2)
  3 leopard geckos
  15 orcs
  4 giant cockroaches
  6 goblins
  4 hobgoblins
  8 jackals
  A quokka (D:4)
  A ball python (D:2)
  7 bats
  5 frilled lizards
  14 kobolds
  A quokka skeleton (D:4)
  A quokka zombie (D:5)
  5 rats
111 creatures vanquished.

Notes
Turn   | Place    | Note
-------+----------+-------------------------------------------
     0 | D:1      | MalarOregon the Merfolk Ice Elementalist began the quest
                  | for the Orb.
     0 | D:1      | Reached XP level 1. HP: 13/13 MP: 3/3
   197 | D:1      | Reached XP level 2. HP: 18/20 MP: 0/5
   742 | D:1      | Reached XP level 3. HP: 25/25 MP: 4/6
   765 | D:1      | Learned a level 2 spell: Throw Frost
   769 | D:1      | Learned a level 3 spell: Ozocubu's Armour
  1047 | D:1      | Reached skill level 1 in Fighting
  1266 | D:2      | Found a faded altar of an unknown god.
  1283 | D:2      | Reached XP level 4. HP: 32/32 MP: 2/8
  1894 | D:3      | Reached XP level 5. HP: 22/38 MP: 7/9
  2129 | D:3      | Found a runed door.
  2215 | D:3      | Found an iron altar of Okawaru.
  2765 | D:3      | Noticed Crazy Yiuf
  2769 | D:3      | Killed Crazy Yiuf
  2878 | D:4      | Reached XP level 6. HP: 44/44 MP: 1/11
  3102 | D:4      | Found Sorog's Antique Weapon Shop.
  3211 | D:4      | Reached skill level 1 in Evocations
  3391 | D:4      | Reached skill level 1 in Polearms
  3753 | D:4      | Reached XP level 7. HP: 14/51 MP: 7/12
  4024 | D:5      | Entered Level 5 of the Dungeon
  4544 | D:5      | Learned a level 4 spell: Throw Icicle
  4550 | D:5      | Learned a level 4 spell: Summon Ice Beast
  4848 | D:5      | Reached skill level 1 in Conjurations
  5169 | D:6      | Reached XP level 8. HP: 11/58 MP: 7/14
  5420 | D:6      | Reached skill level 5 in Dodging
  5570 | D:6      | Found Vavun's Serpentskin Sales.
  5909 | D:6      | Reached skill level 5 in Ice Magic
  5965 | D:6      | Got a faintly glowing leather armour
  5976 | D:6      | Identified the +2 leather armour of Beogh's Scorn {Regen+
                  | Int+3 Stlth+} (You found it on level 6 of the Dungeon)
  6103 | D:5      | HP: 2/59 [orc warrior/scimitar (15)]
  6104 | D:5      | Mangled by an orc warrior

Skill      XL: |  1  2  3  4  5  6  7  8 |
---------------+-------------------------+-----
Dodging        | 3 4 5 |  5.4
Fighting       | 1 2 3 |  3.6
Stealth        | 3 4 |  4.7
Spellcasting   | 3 4 |  4.4
Ice Magic      | 4 5 |  5.1
Evocations     | 1 2 |  2.5
Polearms       | 1 3 4 |  4.9
Conjurations   | 1 |  1.7
Staves         | |  0.6

Action                   |  1- 3 |  4- 6 |  7- 9 || total
-------------------------+-------+-------+-------++-------
Melee: Unarmed           |    21 |       |       ||    21
       Short sword       |    14 |    58 |       ||    72
       Trident           |       |    24 |    47 ||    71
       Staff             |       |     8 |       ||     8
 Cast: Freeze            |    46 |    21 |    88 ||   155
       Throw Frost       |     6 |    23 |       ||    29
  Use: Scroll            |       |     3 |     9 ||    12
       Potion            |       |       |     4 ||     4
 Stab: Sleeping          |       |     2 |     7 ||     9
       Distracted        |       |       |     1 ||     1
  Eat: Chunk             |     2 |     9 |     8 ||    19
Armor: Robe              |    11 |    14 |    10 ||    35
       Leather armour    |       |       |     2 ||     2
Dodge: Dodged            |    44 |    72 |    80 ||   196
